 Dungeon Crawl Stone Soup version 0.31-a0-978-g1e143483b6 (webtiles) character file.

Game seed: 366678131761396632

81 Kuronicle the Covered (level 4, 0/35 HPs)
             Began as a Demonspawn Fighter on Oct 30, 2023.
             Slain by Robin
             ... wielding a +0 mace
              (3 damage)
             ... on level 2 of the Dungeon.
             The game lasted 00:02:22 (1243 turns).

Kuronicle the Covered (Demonspawn Fighter)          Turns: 1243, Time: 00:02:22

Health: 0/35       AC:  8    Str: 16    XL:     4   Next: 20%
Magic:  4/4        EV:  9    Int:  9    God:
Gold:   87         SH:  5    Dex: 15    Spells: 3/3 levels left

rFire   + .          .
                       - Unarmed
rCold   + . .        b - +0 buckler
rNeg    . . .        a - +0 scale mail
rPois   +            (no helmet)
rElec   +            (no cloak)
rCorr   +            (no gloves)
SInv    .            (no boots)
Will    .....        (no amulet) Stlth
                     (no ring)
HPRegen 0.25/turn    (no ring)
MPRegen 0.09/turn

%: no passive effects
@: mighty, resistant
A: yellow scales 1, foul stench 1
a: no special abilities


You were on level 2 of the Dungeon.
You visited 1 branch of the dungeon, and saw 2 of its levels.

You collected 87 gold pieces.

Inventory:

Armour
 a - a +0 scale mail (worn)
 b - a +0 buckler (worn)
Scrolls
 d - 3 scrolls of identify
 f - a scroll of poison {unknown}
Potions
 c - a potion of might


   Skills:
 + Level 3.3 Fighting
 + Level 3.4 Armour
 + Level 0.4 Dodging
 + Level 0.1 Stealth
 + Level 2.9 Shields
 + Level 2.8 Unarmed Combat


You had 3 spell levels left.
You didn't know any spells.
Your spell library was empty.

Dungeon Overview and Level Annotations

Branches:
Dungeon (2/15)

Altars:

Annotations:
D:2 Robin


Innate Abilities, Weirdness & Mutations

You are partially covered in yellow scales. (AC +2)
You may rarely emit foul miasma when damaged in melee.


Message History

Robin is moderately wounded.
The giant cockroach bites you.
You barely miss Robin.
Robin is moderately wounded.
Robin hits you but does no damage. The hobgoblin hits you.
* * * LOW HITPOINT WARNING * * *
The giant cockroach barely misses you.
You barely miss Robin.
Robin is moderately wounded.
The giant cockroach completely misses you.
Robin hits you with a +0 mace.
* * * LOW HITPOINT WARNING * * *
The hobgoblin barely misses you.
You hit Robin but do no damage.
Robin is moderately wounded.
You block the giant cockroach's attack. You block Robin's attack.
The hobgoblin completely misses you. The giant cockroach closely misses you.
You barely miss Robin.
Robin is moderately wounded.
Robin hits you but does no damage. You block the hobgoblin's attack.
The giant cockroach barely misses you.
You hit Robin.
Robin is moderately wounded.
Robin hits you but does no damage.
The hobgoblin hits you but does no damage.
The giant cockroach closely misses you.
You hit Robin but do no damage.
Robin is moderately wounded.
Robin hits you but does no damage. The hobgoblin hits you.
* * * LOW HITPOINT WARNING * * *
The giant cockroach barely misses you.
You feel protected.
The giant cockroach bites you but does no damage.
Robin roars a battlecry!
The hobgoblin goes into a battle-frenzy!
The hobgoblin barely misses you.
You feel very mighty all of a sudden. You block the giant cockroach's attack.
Robin hits you with a +0 mace.
You die...
Robin says, "And that's why I'm the boss."

#. #. ... #. # .. #. ..
.. ## ...####. ......
###### # #..##########
#..... # #.))g@......#
#.#### # ##)#Bg......# #
#)#.........
#############.####.#####
.............)..# .#
#.####
######...####.#.....
#..... # #...# #.####.##
#.#### # #...# ..# # #
####...# .##


You could see Robin, a giant cockroach and a hobgoblin (strong).

Vanquished Creatures
  An adder (D:2)
  2 dart slugs
  4 ball pythons
  7 endoplasms
  3 giant cockroaches
  7 goblins (D:2)
  9 hobgoblins
  4 jackals (D:1)
  6 quokkas
  4 bats (D:1)
  3 frilled lizards
  4 kobolds
  4 rats (D:2)
58 creatures vanquished.

Notes
Turn   | Place    | Note
-------+----------+-------------------------------------------
     0 | D:1      | Kuronicle the Demonspawn Fighter began the quest for the
                  | Orb.
     0 | D:1      | Reached XP level 1. HP: 18/18 MP: 1/1
   188 | D:1      | Gained mutation: You are partially covered in yellow
                  | scales. (AC +2) [demonic ancestry]
   188 | D:1      | Reached XP level 2. HP: 24/24 MP: 2/2
   472 | D:1      | Gained mutation: You may rarely emit foul miasma when
                  | damaged in melee. [demonic ancestry]
   472 | D:1      | Reached XP level 3. HP: 24/29 MP: 3/3
  1159 | D:2      | Reached XP level 4. HP: 35/35 MP: 4/4
  1195 | D:2      | Noticed Robin
  1243 | D:2      | Slain by Robin

Illustrated notes

Levels and vault maps discovered:
D:1:      nzn_arrival_settlement, layout_basic
D:2:      layout_rooms, chequers_ecumenical_altar_twisty, uniq_robin

Skill      XL: |  1  2 |
---------------+-------+-----
Unarmed Combat | 2 |  2.8
Armour         | 3 |  3.4
Fighting       | |  3.3
Dodging        | |  0.4
Stealth        | |  0.1
Shields        | |  2.9

Action                     |  1- 3 |  4- 6 || total
---------------------------+-------+-------++-------
  Melee: Unarmed           |   168 |    53 ||   221
    Use: Scroll            |     1 |       ||     1
         Potion            |       |     2 ||     2
 Armour: Scale mail        |   109 |    63 ||   172
  Dodge: Dodged            |    65 |    45 ||   110
  Block: Buckler           |    40 |    15 ||    55

Table legend: (Time is in decaauts)
 A = Elapsed time spent in this place.
 B = Non-inter-level travel time spent in this place.
 C = Inter-level travel time spent in this place.
 D = Time resting spent in this place.
 E = Time spent auto-exploring this place.
 F = Levels seen in this place.
 G = Mean time per level.
                   A        B        C        D        E       F      G
               +--------+--------+--------+--------+--------+-----+--------+
         Total |   1240 |   1238 |      2 |      3 |    879 |   2 |  620.0 |
       Dungeon |   1240 |   1238 |      2 |      3 |    879 |   2 |  620.0 |
               +--------+--------+--------+--------+--------+-----+--------+

Top non-repeatable levels by time:
     D:1: 863 daAuts
     D:2: 376 daAuts
